Remparts vs Diablos
Created - January 9, 2020 at 19:24
Goals
|
Remparts |
1 |
2 |
2 |
0 |
1 |
6 |
Diablos |
2 |
3 |
0 |
0 |
0 |
5 |
|
Shots
|
Remparts |
9 |
10 |
18 |
0 |
3 |
37 |
Diablos |
10 |
20 |
8 |
1 |
3 |
39 |
|
1st period
1. Diablos , Jakub Vrana 4 (Ty Rattie 3, Adrian Kempe 10) at 3:50
2. Diablos , Nick Spaling 21 (Philip Larsen 16) at 4:02
3. Remparts , Max Reinhart 13 (Ryan Strome 22, Pontus Aberg 19) at 4:49 (PP)
Penalties :
Jordan Szwarz (Don) for Roughing (Minor) at 4:26, Jack Glover (Don) for Hooking (Minor) at 9:00
2nd period
4. Diablos , Adrian Kempe 7 (Andrei Mironov 6) at 10:45
5. Remparts , Guillaume Desbiens 12 (Sam Reinhart 10) at 15:06
6. Diablos , Ty Rattie 3 (Jakub Vrana 5, Adrian Kempe 11) at 15:38
7. Remparts , Sam Reinhart 8 (Guillaume Desbiens 14, Max Reinhart 25) at 16:32
8. Diablos , Danton Heinen 8 (Nick Spaling 15, Jordan Szwarz 16) at 17:29 (PP)
Penalties :
Mark Pysyk (Que) for Holding (Minor) at 17:24, Ryan Strome (Que) for Roughing (Minor) at 17:40
3rd period
9. Remparts , Guillaume Desbiens 13 (Keaton Thompson 4, Roberts Lipsbergs 2) at 2:10
10. Remparts , Guillaume Desbiens 14 (Brendan Perlini 6, Igor Bobkov) at 18:53
Penalties :
Viktor Baldayev (Que) for Holding (Minor) at 9:16
Overtime #1
No Goal
Penalties :
No Penalty
Shootout
Remparts, Sam Reinhart - Shot Misses the Net
Diablos , Jordan Szwarz - Shot Misses the Net
Remparts, Ryan Strome - Stopped by Kristers Gudlevskis
Diablos , Danton Heinen - Stopped by Igor Bobkov
Remparts, Cédric Lalonde-McNicoll - Goal!
Diablos , Jakub Vrana - Shot Misses the Net
Penalties :
No Penalty
Goalie Stats
Igor Bobkov (Que), 34 saves from 39 shots - (0.872), W, 6-5-1, 65:00 minutes
Kristers Gudlevskis (Don), 32 saves from 37 shots - (0.865), OTL, 13-9-3, 65:00 minutes
Players Stats for Remparts
Player Name G A P +/- PIM S H SB GA TA FO MP PP MP PK MP
------------------------------------------------------------------------------------
Brendan Perlini 0 1 1 0 0 0 2 0 0 0 0/0 16:46 0:59 0:00
Cédric Lalonde-McNicoll 0 0 0 0 0 4 0 1 0 0 2/7 12:06 0:00 0:28
Guillaume Desbiens 3 1 4 0 0 7 2 1 4 1 1/1 17:14 0:59 0:28
Jake Virtanen 0 0 0 0 0 2 1 0 0 0 0/1 9:24 0:00 1:24
Keaton Thompson 0 1 1 0 0 1 1 0 0 0 0/0 14:16 0:43 0:00
Mark Pysyk 0 0 0 -1 2 5 1 6 0 0 0/0 29:08 1:39 2:27
Matt Puempel 0 0 0 0 0 0 2 0 0 0 1/2 12:18 0:00 0:16
Max Reinhart 1 1 2 0 0 3 0 1 0 1 16/35 24:10 1:23 2:33
Michal Jordan 0 0 0 1 0 0 1 0 0 0 0/0 22:49 1:39 1:36
Mitchell Heard 0 0 0 0 0 0 1 0 0 0 1/2 9:52 0:00 0:27
Nail Yakupov 0 0 0 0 0 5 0 0 1 0 1/2 11:22 0:00 0:00
Niklas Hansson 0 0 0 1 0 1 1 1 0 1 0/0 23:21 0:43 2:32
Pontus Aberg 0 1 1 0 0 1 1 1 1 1 1/2 20:35 1:23 0:00
Roberts Lipsbergs 0 1 1 0 0 0 0 0 0 0 0/0 10:33 0:00 1:18
Ryan Strome 0 1 1 0 2 4 2 1 0 0 1/2 23:07 1:23 1:12
Sam Reinhart 1 1 2 0 0 2 2 2 0 0 10/16 18:24 0:59 0:00
Viktor Baldayev 0 0 0 0 2 1 2 0 0 0 0/0 13:44 0:00 0:00
William Colbert 0 0 0 -1 0 1 2 4 1 1 0/0 26:45 0:00 1:31
Players Stats for Diablos
Player Name G A P +/- PIM S H SB GA TA FO MP PP MP PK MP
------------------------------------------------------------------------------------
Adrian Kempe 1 2 3 1 0 6 0 3 0 0 8/19 20:13 1:31 1:24
Andrei Mironov 0 1 1 -1 0 0 2 0 1 2 0/0 23:23 2:24 1:17
Andrey Pedan 0 0 0 1 0 2 1 0 1 1 0/0 11:59 0:00 0:00
Anthony Camara 0 0 0 0 0 0 1 0 0 0 0/0 1:01 0:00 0:00
Brian Dumoulin 0 0 0 0 0 4 1 0 1 1 0/0 29:34 1:39 1:05
Corey Trivino 0 0 0 -2 0 0 0 0 0 1 3/7 16:07 1:31 0:17
Danton Heinen 1 0 1 0 0 1 1 1 0 0 18/36 23:01 2:32 0:41
Dominic Turgeon 0 0 0 1 0 0 1 0 0 0 2/3 7:01 0:00 0:00
Jack Glover 0 0 0 1 2 1 2 2 0 0 0/0 14:15 0:00 0:00
Jakub Vrana 1 1 2 1 0 3 1 1 0 0 0/0 17:46 1:31 0:00
Jiri Sekac 0 0 0 -1 0 1 2 0 1 0 0/0 16:09 0:00 0:22
Jordan Szwarz 0 1 1 -1 2 6 1 2 0 0 1/1 23:15 2:32 0:56
Nick Spaling 1 1 2 0 0 6 1 0 0 1 2/2 26:39 2:32 1:04
Philip Larsen 0 1 1 0 0 4 3 5 0 1 0/0 30:30 2:24 1:17
Scott Glennie 0 0 0 -1 0 0 0 1 1 0 1/1 12:50 0:00 0:00
Tobias Lindberg 0 0 0 1 0 0 0 0 0 0 0/0 7:05 0:00 0:00
Ty Rattie 1 1 2 1 0 2 0 0 0 0 1/1 16:26 0:00 0:00
Viktor Loov 0 0 0 -1 0 3 2 1 0 0 0/0 20:22 1:39 1:05
3 Stars
1 - Guillaume Desbiens (Que)
2 - Adrian Kempe (Don)
3 - Sam Reinhart (Que)
Power Play
Remparts - 1 on 2 Attempt(s) - 50.00%
Diablos - 1 on 3 Attempt(s) - 33.33%
Penalty Kill
Remparts - 2 on 3 Attempt(s) - 66.67%
- Score 0 goal in Penalty Kill
Diablos - 1 on 2 Attempt(s) - 50.00%
- Score 0 goal in Penalty Kill
Team Stat
Remparts - Hits : 21 - Faceoff Wins : 34 - Blocked Shots : 18 - Penalty Minutes : 6
Diablos - Hits : 19 - Faceoff Wins : 36 - Blocked Shots : 16 - Penalty Minutes : 4
Official
Referees : Unknown
Linesman : Unknown
Game Notes
Guillaume Desbiens has scored a Hat Trick!
Finance
Level 1 -- Attendance: 1389 (69.45%) -- Ticket Income $19,446
Level 2 -- Attendance: 771 (77.10%) -- Ticket Income $3,855
Total Attendance: 2160 (72.00%)
Total Ticket Income: $23,301
Other Income: $1,165
Total Income: $24,466
Remparts
5 vs 5 Forward
Center Left Wing Right Wing Time % Phy DF OF
1 Max Reinhart Pontus Aberg Ryan Strome 40 0 2 3
2 Sam Reinhart Brendan Perlini Guillaume Desbiens 30 0 2 3
3 Cédric Lalonde-McNicoll Matt Puempel Nail Yakupov 20 0 2 3
4 Mitchell Heard Roberts Lipsbergs Jake Virtanen 10 1 2 2
5 vs 5 Defense
Defense Defense Time % Phy DF OF
1 Mark Pysyk William Colbert 40 0 2 3
2 Michal Jordan Niklas Hansson 30 1 2 2
3 Viktor Baldayev Keaton Thompson 20 1 2 2
4 Mark Pysyk William Colbert 10 1 2 2
PowerPlay Forward
Center Left Wing Right Wing Time % Phy DF OF
1 Max Reinhart Pontus Aberg Ryan Strome 60 0 0 4
2 Sam Reinhart Brendan Perlini Guillaume Desbiens 40 0 1 4
PowerPlay Defense
Defense Defense Time % Phy DF OF
1 Mark Pysyk Michal Jordan 60 0 2 3
2 Niklas Hansson Keaton Thompson 40 0 2 3
Penalty Kill 4 Players Forward
Center Wing Time % Phy DF OF
1 Max Reinhart Ryan Strome 60 1 3 1
2 Cédric Lalonde-McNicoll Guillaume Desbiens 40 1 3 1
Penalty Kill 4 Players Defense
Defense Defense Time % Phy DF OF
1 Mark Pysyk Niklas Hansson 60 1 4 0
2 William Colbert Michal Jordan 40 1 4 0
Penalty Kill - 3 Players Forward
Forward Time % Phy DF OF
1 Max Reinhart 60 1 3 1
2 Ryan Strome 40 1 3 1
Penalty Kill - 3 Players Defense
Defense Defense Time % Phy DF OF
1 Mark Pysyk Niklas Hansson 60 1 4 0
2 William Colbert Michal Jordan 40 1 4 0
4 vs 4 Forward
Center Wing Time % Phy DF OF
1 Max Reinhart Ryan Strome 60 0 2 3
2 Sam Reinhart Pontus Aberg 40 0 2 3
4 vs 4 Defense
Defense Defense Time % Phy DF OF
1 Mark Pysyk William Colbert 60 0 3 2
2 Michal Jordan Niklas Hansson 40 0 3 2
Last Minutes Offensive
Center Left Wing Right Wing Defense Defense
Max Reinhart Pontus Aberg Ryan Strome Mark Pysyk William Colbert
Last Minutes Defensive
Center Left Wing Right Wing Defense Defense
Max Reinhart Pontus Aberg Ryan Strome Mark Pysyk Niklas Hansson
Goaltenders
Starting : Igor Bobkov
Backup : Garret Sparks
Extra Forwards
Normal : Sam Reinhart, Ryan Strome, Max Reinhart - PP : Sam Reinhart, Ryan Strome - PK : Jake Virtanen
Extra Defensemen
Normal : Michal Jordan, William Colbert, Mark Pysyk - PP : Keaton Thompson - PK : Michal Jordan, William Colbert
Penalty Shots
Sam Reinhart, Ryan Strome, Cédric Lalonde-McNicoll, Pontus Aberg, Max Reinhart
Scratches
Juuso Ikonen (Healthy), Michael Downing (Healthy), Colin Smith (Healthy), Kyle Platzer (Healthy), Connor Honey (Healthy)
Anton Zlobin (Healthy), Tim Bozon (Healthy), Nelson Nogier (Healthy), Marek Langhamer (Healthy)
Diablos
5 vs 5 Forward
Center Left Wing Right Wing Time % Phy DF OF
1 Danton Heinen Nick Spaling Jordan Szwarz 40 0 2 3
2 Adrian Kempe Jakub Vrana Ty Rattie 30 0 2 3
3 Corey Trivino Jiri Sekac Scott Glennie 20 0 2 3
4 Dominic Turgeon Nick Spaling Tobias Lindberg 10 1 3 1
5 vs 5 Defense
Defense Defense Time % Phy DF OF
1 Brian Dumoulin Philip Larsen 40 1 2 2
2 Andrei Mironov Viktor Loov 30 1 2 2
3 Jack Glover Andrey Pedan 20 1 2 2
4 Brian Dumoulin Philip Larsen 10 1 2 2
PowerPlay Forward
Center Left Wing Right Wing Time % Phy DF OF
1 Danton Heinen Nick Spaling Jordan Szwarz 60 0 1 4
2 Adrian Kempe Jakub Vrana Corey Trivino 40 0 1 4
PowerPlay Defense
Defense Defense Time % Phy DF OF
1 Andrei Mironov Philip Larsen 60 0 1 4
2 Brian Dumoulin Viktor Loov 40 0 1 4
Penalty Kill 4 Players Forward
Center Wing Time % Phy DF OF
1 Adrian Kempe Jordan Szwarz 60 1 4 0
2 Danton Heinen Nick Spaling 40 1 4 0
Penalty Kill 4 Players Defense
Defense Defense Time % Phy DF OF
1 Philip Larsen Andrei Mironov 60 1 4 0
2 Jack Glover Viktor Loov 40 1 4 0
Penalty Kill - 3 Players Forward
Forward Time % Phy DF OF
1 Adrian Kempe 60 0 5 0
2 Nick Spaling 40 0 5 0
Penalty Kill - 3 Players Defense
Defense Defense Time % Phy DF OF
1 Jack Glover Brian Dumoulin 60 0 5 0
2 Andrei Mironov Philip Larsen 40 0 5 0
4 vs 4 Forward
Center Wing Time % Phy DF OF
1 Danton Heinen Jordan Szwarz 60 0 2 3
2 Adrian Kempe Nick Spaling 40 0 2 3
4 vs 4 Defense
Defense Defense Time % Phy DF OF
1 Brian Dumoulin Jack Glover 60 0 2 3
2 Andrei Mironov Philip Larsen 40 0 2 3
Last Minutes Offensive
Center Left Wing Right Wing Defense Defense
Danton Heinen Jakub Vrana Jordan Szwarz Andrei Mironov Philip Larsen
Last Minutes Defensive
Center Left Wing Right Wing Defense Defense
Nick Spaling Corey Trivino Jordan Szwarz Brian Dumoulin Jack Glover
Goaltenders
Starting : Kristers Gudlevskis
Backup : Joni Ortio
Extra Forwards
Normal : Jordan Szwarz, Danton Heinen, Nick Spaling - PP : Jordan Szwarz, Nick Spaling - PK : Nick Spaling
Extra Defensemen
Normal : Jack Glover, Andrei Mironov, Philip Larsen - PP : Philip Larsen - PK : Philip Larsen, Jack Glover
Penalty Shots
Jordan Szwarz, Danton Heinen, Jakub Vrana, Nick Spaling, Adrian Kempe
Scratches
Peter Holland (Healthy), Jamie Devane (Healthy), Tyler Pitlick (Healthy), Matt Lindblad (Healthy), Tyler Lewington (Healthy)
Stuart Percy (Healthy), Sergey Tolchinsky (Concussion Injury), Lars Eller (Torn Right MCL Injury), Branden Troock (Healthy), David Pastrnak (Broken Right Thumb Injury)
Riley Nash (Healthy), Ryan MacInnis (Healthy), Matt Tomkins (Healthy)
% Time on Ice - Remparts
Lines # - Real PCT - Wanted PCT - Time Play
Normal Forward
1 - 34% - 40% - 18:22
2 - 30% - 30% - 15:56
3 - 21% - 20% - 11:13
4 - 15% - 10% - 8:00
Normal Defense
1 - 39% - 40% - 20:39
2 - 33% - 30% - 17:25
3 - 23% - 20% - 12:27
4 - 6% - 10% - 3:00
PP Forward
1 - 58% - 60% - 1:23
2 - 42% - 40% - 0:59
PP Defense
1 - 70% - 60% - 1:39
2 - 30% - 40% - 0:43
PK Forward
1 - 88% - 60% - 3:35
2 - 12% - 40% - 0:28
PK Defense
1 - 63% - 60% - 2:32
2 - 37% - 40% - 1:31
PK3 Forward
1 - 0% - 60%
2 - 0% - 40%
PK3 Defense
1 - 0% - 60%
2 - 0% - 40%
44 Forward
1 - 77% - 60% - 3:51
2 - 23% - 40% - 1:09
44 Defense
1 - 58% - 60% - 2:53
2 - 42% - 40% - 2:07
Last Minute Offensive - 0:04
Last Minute Defensive - 0:00
Total
Forward - 65:00
Defense - 65:00
|
% Time on Ice - Diablos
Lines # - Real PCT - Wanted PCT - Time Play
Normal Forward
1 - 33% - 40% - 17:30
2 - 31% - 30% - 16:32
3 - 24% - 20% - 12:50
4 - 12% - 10% - 6:36
Normal Defense
1 - 40% - 40% - 21:15
2 - 32% - 30% - 16:55
3 - 22% - 20% - 11:59
4 - 6% - 10% - 3:19
PP Forward
1 - 63% - 60% - 2:32
2 - 37% - 40% - 1:31
PP Defense
1 - 59% - 60% - 2:24
2 - 41% - 40% - 1:39
PK Forward
1 - 71% - 60% - 1:41
2 - 29% - 40% - 0:41
PK Defense
1 - 54% - 60% - 1:17
2 - 46% - 40% - 1:05
PK3 Forward
1 - 0% - 60%
2 - 0% - 40%
PK3 Defense
1 - 0% - 60%
2 - 0% - 40%
44 Forward
1 - 86% - 60% - 4:17
2 - 14% - 40% - 0:43
44 Defense
1 - 55% - 60% - 2:45
2 - 45% - 40% - 2:15
Last Minute Offensive - 0:00
Last Minute Defensive - 0:07
Total
Forward - 65:00
Defense - 65:00
|
Play-by-Play
1st period
0:01 of 1st period - Danton Heinen wins face-off versus Max Reinhart in neutral zone.
0:04 of 1st period - Slapshot by Jordan Szwarz.
0:04 of 1st period - Shot Blocked by Pontus Aberg.
0:10 of 1st period - Wrist shot by Jordan Szwarz.
0:10 of 1st period - Shot Blocked by Mark Pysyk.
0:12 of 1st period - Slapshot by Brian Dumoulin.
0:12 of 1st period - Shot Blocked by Mark Pysyk.
0:26 of 1st period - Jakub Vrana is hit by Guillaume Desbiens and loses puck.
1:55 of 1st period - Wrist shot by Jordan Szwarz.
1:55 of 1st period - Shot Misses the Net.
2:13 of 1st period - Slapshot by Corey Trivino.
2:13 of 1st period - Shot Blocked by Cédric Lalonde-McNicoll.
2:15 of 1st period - Snap shot by Scott Glennie.
2:15 of 1st period - Shot Misses the Net.
2:31 of 1st period - Wrist shot by Mitchell Heard.
2:31 of 1st period - Shot Blocked by Jack Glover.
2:33 of 1st period - Wrist shot by Jake Virtanen.
2:33 of 1st period - Stopped by Kristers Gudlevskis without a rebound.
2:34 of 1st period - Mitchell Heard wins face-off versus Danton Heinen in Diablos zone.
2:41 of 1st period - Slapshot by William Colbert.
2:41 of 1st period - Stopped by Kristers Gudlevskis without a rebound.
2:42 of 1st period - Max Reinhart wins face-off versus Danton Heinen in Diablos zone.
2:43 of 1st period - Slapshot by Pontus Aberg.
2:43 of 1st period - Stopped by Kristers Gudlevskis without a rebound.
2:44 of 1st period - Ryan Strome wins face-off versus Danton Heinen in Diablos zone.
2:49 of 1st period - Backhand shot by Ryan Strome.
2:49 of 1st period - Stopped by Kristers Gudlevskis with a rebound.
3:07 of 1st period - Wrist shot by Jordan Szwarz.
3:07 of 1st period - Shot Blocked by Max Reinhart.
3:09 of 1st period - Wrist shot by Nick Spaling.
3:09 of 1st period - Shot Blocked by Ryan Strome.
3:11 of 1st period - Snap shot by Nick Spaling.
3:11 of 1st period - Stopped by Igor Bobkov with a rebound.
3:13 of 1st period - Slapshot by Nick Spaling.
3:13 of 1st period - Shot Blocked by William Colbert.
3:15 of 1st period - Snap shot by Brian Dumoulin.
3:15 of 1st period - Shot Misses the Net.
3:17 of 1st period - Slapshot by Brian Dumoulin.
3:17 of 1st period - Shot Blocked by William Colbert.
3:19 of 1st period - Slapshot by Philip Larsen.
3:19 of 1st period - Shot Blocked by William Colbert.
3:21 of 1st period - Wrist shot by Jordan Szwarz.
3:21 of 1st period - Stopped by Igor Bobkov with a rebound.
3:23 of 1st period - Backhand shot by Philip Larsen.
3:23 of 1st period - Deflect By Ryan Strome.
3:23 of 1st period - Stopped by Igor Bobkov without a rebound.
3:24 of 1st period - Sam Reinhart wins face-off versus Adrian Kempe in Remparts zone.
3:24 of 1st period - Sam Reinhart is hit by Andrey Pedan.
3:32 of 1st period - Snap shot by Adrian Kempe.
3:32 of 1st period - Deflect By Jakub Vrana.
3:32 of 1st period - Stopped by Igor Bobkov without a rebound.
3:33 of 1st period - Sam Reinhart wins face-off versus Adrian Kempe in Remparts zone.
3:40 of 1st period - Adrian Kempe is hit by Viktor Baldayev and loses puck.
3:48 of 1st period - Wrist shot by Ty Rattie.
3:48 of 1st period - Shot Blocked by Guillaume Desbiens.
3:50 of 1st period - Snap shot by Jakub Vrana.
3:50 of 1st period - Goal by Jakub Vrana - Remparts : 0 - Diablos : 1.
3:51 of 1st period - Nick Spaling wins face-off versus Max Reinhart in neutral zone.
4:02 of 1st period - Snap shot by Nick Spaling.
4:02 of 1st period - Goal by Nick Spaling - Remparts : 0 - Diablos : 2.
4:03 of 1st period - Corey Trivino wins face-off versus Cédric Lalonde-McNicoll in neutral zone.
4:06 of 1st period - Cédric Lalonde-McNicoll is hit by Jiri Sekac and loses puck.
4:17 of 1st period - Slapshot by Nail Yakupov.
4:17 of 1st period - Stopped by Kristers Gudlevskis without a rebound.
4:18 of 1st period - Guillaume Desbiens wins face-off versus Danton Heinen in Diablos zone.
4:26 of 1st period - Minor Penalty to Jordan Szwarz for Roughing.
4:27 of 1st period - Max Reinhart wins face-off versus Adrian Kempe in Diablos zone.
4:29 of 1st period - Snap shot by Ryan Strome.
4:29 of 1st period - Shot Misses the Net.
4:31 of 1st period - Slapshot by Michal Jordan.
4:31 of 1st period - Shot Misses the Net.
4:33 of 1st period - Slapshot by Michal Jordan.
4:33 of 1st period - Shot Misses the Net.
4:35 of 1st period - Wrist shot by Max Reinhart.
4:35 of 1st period - Deflect By Pontus Aberg.
4:35 of 1st period - Shot Misses the Net.
4:35 of 1st period - Puck is out of play.
4:36 of 1st period - Adrian Kempe wins face-off versus Max Reinhart in Diablos zone.
4:45 of 1st period - Wrist shot by Pontus Aberg.
4:45 of 1st period - Shot Blocked by Philip Larsen.
4:49 of 1st period - Snap shot by Max Reinhart.
4:49 of 1st period - Goal by Max Reinhart - Remparts : 1 - Diablos : 2.
4:50 of 1st period - Danton Heinen wins face-off versus Max Reinhart in neutral zone.
5:17 of 1st period - Guillaume Desbiens is hit by Jakub Vrana and loses puck.
5:26 of 1st period - Wrist shot by Adrian Kempe.
5:26 of 1st period - Stopped by Igor Bobkov without a rebound.
5:27 of 1st period - Scott Glennie wins face-off versus Cédric Lalonde-McNicoll in Remparts zone.
6:14 of 1st period - Snap shot by Nail Yakupov.
6:14 of 1st period - Shot Hit the Post.
6:16 of 1st period - Slapshot by Niklas Hansson.
6:16 of 1st period - Shot Misses the Net.
6:38 of 1st period - Mark Pysyk is hit by Jack Glover and loses puck.
8:38 of 1st period - Backhand shot by Jiri Sekac.
8:38 of 1st period - Stopped by Igor Bobkov without a rebound.
8:39 of 1st period - Max Reinhart wins face-off versus Corey Trivino in Remparts zone.
9:00 of 1st period - Minor Penalty to Jack Glover for Hooking.
9:01 of 1st period - Max Reinhart wins face-off versus Adrian Kempe in Diablos zone.
9:06 of 1st period - Snap shot by Ryan Strome.
9:06 of 1st period - Shot Blocked by Adrian Kempe.
9:08 of 1st period - Snap shot by Max Reinhart.
9:08 of 1st period - Shot Misses the Net.
9:10 of 1st period - Snap shot by Mark Pysyk.
9:10 of 1st period - Stopped by Kristers Gudlevskis with a rebound.
9:12 of 1st period - Slapshot by Mark Pysyk.
9:12 of 1st period - Shot Misses the Net.
9:14 of 1st period - Snap shot by Pontus Aberg.
9:14 of 1st period - Shot Blocked by Jordan Szwarz.
9:16 of 1st period - Snap shot by Pontus Aberg.
9:16 of 1st period - Shot Misses the Net.
11:00 of 1st period - Penalty to Jack Glover is over, Jack Glover is back on ice.
11:30 of 1st period - Keaton Thompson is hit by Jack Glover.
13:26 of 1st period - Andrei Mironov is hit by Keaton Thompson and loses puck.
13:39 of 1st period - Jordan Szwarz is hit by Guillaume Desbiens and loses puck.
13:56 of 1st period - Slapshot by Adrian Kempe.
13:56 of 1st period - Stopped by Igor Bobkov with a rebound.
14:08 of 1st period - Snap shot by Danton Heinen.
14:08 of 1st period - Shot Misses the Net.
14:10 of 1st period - Slapshot by Philip Larsen.
14:10 of 1st period - Shot Misses the Net.
14:12 of 1st period - Slapshot by Philip Larsen.
14:12 of 1st period - Shot Misses the Net.
14:24 of 1st period - Snap shot by Guillaume Desbiens.
14:24 of 1st period - Shot Blocked by Philip Larsen.
15:22 of 1st period - Jakub Vrana is hit by Sam Reinhart and loses puck.
15:54 of 1st period - Viktor Loov is hit by Viktor Baldayev and loses puck.
16:01 of 1st period - Snap shot by Nail Yakupov.
16:01 of 1st period - Stopped by Kristers Gudlevskis with a rebound.
16:03 of 1st period - Wrist shot by Cédric Lalonde-McNicoll.
16:03 of 1st period - Stopped by Kristers Gudlevskis with a rebound.
16:47 of 1st period - Philip Larsen is hit by Sam Reinhart and loses puck.
17:06 of 1st period - Viktor Loov is hit by William Colbert and loses puck.
17:33 of 1st period - Wrist shot by Cédric Lalonde-McNicoll.
17:33 of 1st period - Shot Misses the Net.
17:35 of 1st period - Slapshot by William Colbert.
17:35 of 1st period - Shot Misses the Net.
17:38 of 1st period - Icing by Nick Spaling.
17:39 of 1st period - Dominic Turgeon wins face-off versus Max Reinhart in Diablos zone.
17:39 of 1st period - Dominic Turgeon is hit by Ryan Strome.
17:45 of 1st period - Andrei Mironov is hit by Pontus Aberg and loses puck.
17:52 of 1st period - Snap shot by Max Reinhart.
17:52 of 1st period - Shot Misses the Net.
18:02 of 1st period - Slapshot by Viktor Loov.
18:02 of 1st period - Stopped by Igor Bobkov without a rebound.
18:03 of 1st period - Sam Reinhart wins face-off versus Adrian Kempe in Remparts zone.
18:10 of 1st period - Snap shot by Adrian Kempe.
18:10 of 1st period - Shot Misses the Net.
18:12 of 1st period - Backhand shot by Brian Dumoulin.
18:12 of 1st period - Shot Blocked by Sam Reinhart.
18:14 of 1st period - Wrist shot by Jakub Vrana.
18:14 of 1st period - Shot Misses the Net.
18:16 of 1st period - Snap shot by Adrian Kempe.
18:16 of 1st period - Shot Blocked by Mark Pysyk.
19:44 of 1st period - Icing by Corey Trivino.
19:45 of 1st period - Corey Trivino wins face-off versus Max Reinhart in Diablos zone.
Goals for this period are 1 for Remparts vs 2 for Diablos .
Shots for this period are 9 for Remparts vs 10 for Diablos .
2nd period
0:01 of 2nd period - Max Reinhart wins face-off versus Danton Heinen in neutral zone.
0:06 of 2nd period - Wrist shot by Ryan Strome.
0:06 of 2nd period - Stopped by Kristers Gudlevskis with a rebound.
0:08 of 2nd period - Wrist shot by Max Reinhart.
0:08 of 2nd period - Deflect By Ryan Strome.
0:08 of 2nd period - Stopped by Kristers Gudlevskis with a rebound.
0:14 of 2nd period - Slapshot by Brian Dumoulin.
0:14 of 2nd period - Stopped by Igor Bobkov without a rebound.
0:15 of 2nd period - Sam Reinhart wins face-off versus Danton Heinen in Remparts zone.
0:53 of 2nd period - Adrian Kempe is hit by William Colbert and loses puck.
1:02 of 2nd period - Snap shot by Adrian Kempe.
1:02 of 2nd period - Shot Misses the Net.
1:04 of 2nd period - Wrist shot by Jack Glover.
1:04 of 2nd period - Stopped by Igor Bobkov with a rebound.
1:06 of 2nd period - Snap shot by Andrey Pedan.
1:06 of 2nd period - Deflect By William Colbert.
1:06 of 2nd period - Stopped by Igor Bobkov without a rebound.
1:07 of 2nd period - Nick Spaling wins face-off versus Matt Puempel in Remparts zone.
1:16 of 2nd period - Slapshot by Nick Spaling.
1:16 of 2nd period - Shot Misses the Net.
2:14 of 2nd period - Snap shot by Mitchell Heard.
2:14 of 2nd period - Shot Blocked by Philip Larsen.
3:24 of 2nd period - William Colbert is hit by Jiri Sekac and loses puck.
5:02 of 2nd period - Wrist shot by Guillaume Desbiens.
5:02 of 2nd period - Shot Blocked by Danton Heinen.
5:04 of 2nd period - Wrist shot by Sam Reinhart.
5:04 of 2nd period - Shot Blocked by Philip Larsen.
5:06 of 2nd period - Wrist shot by Brendan Perlini.
5:06 of 2nd period - Shot Blocked by Philip Larsen.
5:21 of 2nd period - Off-side.
5:22 of 2nd period - Max Reinhart wins face-off versus Dominic Turgeon in neutral zone.
5:41 of 2nd period - Pontus Aberg is hit by Danton Heinen and loses puck.
5:49 of 2nd period - Icing by Max Reinhart.
5:50 of 2nd period - Max Reinhart wins face-off versus Adrian Kempe in Remparts zone.
5:55 of 2nd period - Wrist shot by Guillaume Desbiens.
5:55 of 2nd period - Stopped by Kristers Gudlevskis without a rebound.
5:56 of 2nd period - Ty Rattie wins face-off versus Sam Reinhart in Diablos zone.
6:27 of 2nd period - Wrist shot by Jordan Szwarz.
6:27 of 2nd period - Stopped by Igor Bobkov without a rebound.
6:28 of 2nd period - Danton Heinen wins face-off versus Max Reinhart in Remparts zone.
6:29 of 2nd period - Wrist shot by Nick Spaling.
6:29 of 2nd period - Stopped by Igor Bobkov without a rebound.
6:30 of 2nd period - Danton Heinen wins face-off versus Max Reinhart in Remparts zone.
6:55 of 2nd period - Guillaume Desbiens is hit by Andrei Mironov and loses puck.
7:18 of 2nd period - Snap shot by Cédric Lalonde-McNicoll.
7:18 of 2nd period - Deflect By Matt Puempel.
7:18 of 2nd period - Shot Misses the Net.
7:18 of 2nd period - Puck is out of play.
7:19 of 2nd period - Nail Yakupov wins face-off versus Corey Trivino in Diablos zone.
7:32 of 2nd period - Snap shot by Cédric Lalonde-McNicoll.
7:32 of 2nd period - Stopped by Kristers Gudlevskis without a rebound.
7:33 of 2nd period - Danton Heinen wins face-off versus Max Reinhart in Diablos zone.
7:33 of 2nd period - Danton Heinen is hit by Mark Pysyk.
8:21 of 2nd period - Off-side.
8:22 of 2nd period - Sam Reinhart wins face-off versus Adrian Kempe in neutral zone.
8:29 of 2nd period - Wrist shot by Sam Reinhart.
8:29 of 2nd period - Stopped by Kristers Gudlevskis with a rebound.
8:55 of 2nd period - Snap shot by Corey Trivino.
8:55 of 2nd period - Shot Blocked by William Colbert.
8:57 of 2nd period - Wrist shot by Viktor Loov.
8:57 of 2nd period - Deflect By Scott Glennie.
8:57 of 2nd period - Shot Blocked by Sam Reinhart.
8:57 of 2nd period - Puck is out of play.
8:58 of 2nd period - Danton Heinen wins face-off versus Nail Yakupov in Remparts zone.
9:23 of 2nd period - Jakub Vrana is hit by Ryan Strome and loses puck.
9:30 of 2nd period - Snap shot by Max Reinhart.
9:30 of 2nd period - Stopped by Kristers Gudlevskis with a rebound.
10:04 of 2nd period - Slapshot by Philip Larsen.
10:04 of 2nd period - Stopped by Igor Bobkov with a rebound.
10:06 of 2nd period - Wrist shot by Nick Spaling.
10:06 of 2nd period - Shot Blocked by Mark Pysyk.
10:08 of 2nd period - Slapshot by Brian Dumoulin.
10:08 of 2nd period - Shot Misses the Net.
10:10 of 2nd period - Slapshot by Brian Dumoulin.
10:10 of 2nd period - Stopped by Igor Bobkov without a rebound.
10:11 of 2nd period - Danton Heinen wins face-off versus Max Reinhart in Remparts zone.
10:14 of 2nd period - Snap shot by Jordan Szwarz.
10:14 of 2nd period - Stopped by Igor Bobkov with a rebound.
10:45 of 2nd period - Snap shot by Adrian Kempe.
10:45 of 2nd period - Goal by Adrian Kempe - Remparts : 1 - Diablos : 3.
10:46 of 2nd period - Danton Heinen wins face-off versus Max Reinhart in neutral zone.
10:57 of 2nd period - Snap shot by Jordan Szwarz.
10:57 of 2nd period - Stopped by Igor Bobkov with a rebound.
10:59 of 2nd period - Wrist shot by Jordan Szwarz.
10:59 of 2nd period - Shot Misses the Net.
11:01 of 2nd period - Snap shot by Nick Spaling.
11:01 of 2nd period - Stopped by Igor Bobkov without a rebound.
11:02 of 2nd period - Adrian Kempe wins face-off versus Sam Reinhart in Remparts zone.
12:29 of 2nd period - Icing by Adrian Kempe.
12:30 of 2nd period - Adrian Kempe wins face-off versus Sam Reinhart in Diablos zone.
12:54 of 2nd period - Jack Glover is hit by Brendan Perlini and loses puck.
13:03 of 2nd period - Wrist shot by Guillaume Desbiens.
13:03 of 2nd period - Shot Misses the Net.
13:13 of 2nd period - Snap shot by Guillaume Desbiens.
13:13 of 2nd period - Shot Blocked by Jack Glover.
13:30 of 2nd period - Slapshot by Viktor Loov.
13:30 of 2nd period - Stopped by Igor Bobkov with a rebound.
13:32 of 2nd period - Slapshot by Adrian Kempe.
13:32 of 2nd period - Stopped by Igor Bobkov with a rebound.
13:34 of 2nd period - Snap shot by Jakub Vrana.
13:34 of 2nd period - Stopped by Igor Bobkov with a rebound.
13:36 of 2nd period - Snap shot by Ty Rattie.
13:36 of 2nd period - Stopped by Igor Bobkov without a rebound.
13:37 of 2nd period - Max Reinhart wins face-off versus Danton Heinen in Remparts zone.
14:23 of 2nd period - Icing by Mitchell Heard.
14:24 of 2nd period - Dominic Turgeon wins face-off versus Mitchell Heard in Remparts zone.
14:31 of 2nd period - Slapshot by Niklas Hansson.
14:31 of 2nd period - Stopped by Kristers Gudlevskis without a rebound.
14:32 of 2nd period - Max Reinhart wins face-off versus Danton Heinen in Diablos zone.
15:04 of 2nd period - Slapshot by Guillaume Desbiens.
15:04 of 2nd period - Stopped by Kristers Gudlevskis with a rebound.
15:06 of 2nd period - Wrist shot by Guillaume Desbiens.
15:06 of 2nd period - Goal by Guillaume Desbiens - Remparts : 2 - Diablos : 3.
15:07 of 2nd period - Danton Heinen wins face-off versus Max Reinhart in neutral zone.
15:22 of 2nd period - Wrist shot by Nick Spaling.
15:22 of 2nd period - Stopped by Igor Bobkov without a rebound.
15:23 of 2nd period - Sam Reinhart wins face-off versus Adrian Kempe in Remparts zone.
15:34 of 2nd period - Slapshot by Brian Dumoulin.
15:34 of 2nd period - Stopped by Igor Bobkov with a rebound.
15:36 of 2nd period - Snap shot by Adrian Kempe.
15:36 of 2nd period - Shot Misses the Net.
15:38 of 2nd period - Wrist shot by Jakub Vrana.
15:38 of 2nd period - Deflect By Ty Rattie.
15:38 of 2nd period - Goal by Ty Rattie - Remparts : 2 - Diablos : 4.
15:39 of 2nd period - Max Reinhart wins face-off versus Danton Heinen in neutral zone.
16:16 of 2nd period - Wrist shot by Max Reinhart.
16:16 of 2nd period - Shot Blocked by Scott Glennie.
16:32 of 2nd period - Wrist shot by Sam Reinhart.
16:32 of 2nd period - Goal by Sam Reinhart - Remparts : 3 - Diablos : 4.
16:33 of 2nd period - Sam Reinhart wins face-off versus Danton Heinen in neutral zone.
16:58 of 2nd period - Cédric Lalonde-McNicoll is hit by Brian Dumoulin and loses puck.
17:24 of 2nd period - Minor Penalty to Mark Pysyk for Holding.
17:25 of 2nd period - Danton Heinen wins face-off versus Max Reinhart in Remparts zone.
17:27 of 2nd period - Snap shot by Nick Spaling.
17:27 of 2nd period - Shot Misses the Net.
17:29 of 2nd period - Snap shot by Danton Heinen.
17:29 of 2nd period - Goal by Danton Heinen - Remparts : 3 - Diablos : 5.
17:30 of 2nd period - Danton Heinen wins face-off versus Pontus Aberg in neutral zone.
17:40 of 2nd period - Minor Penalty to Ryan Strome for Roughing.
17:41 of 2nd period - Danton Heinen wins face-off versus Max Reinhart in Remparts zone.
17:49 of 2nd period - Icing by Nick Spaling.
17:50 of 2nd period - Max Reinhart wins face-off versus Danton Heinen in Diablos zone.
17:59 of 2nd period - Mark Pysyk is hit by Philip Larsen and loses puck.
18:26 of 2nd period - Slapshot by Nick Spaling.
18:26 of 2nd period - Stopped by Igor Bobkov without a rebound.
18:27 of 2nd period - Adrian Kempe wins face-off versus Jake Virtanen in Remparts zone.
19:18 of 2nd period - William Colbert is hit by Jordan Szwarz and loses puck.
19:40 of 2nd period - Penalty to Ryan Strome is over, Ryan Strome is back on ice.
19:49 of 2nd period - Niklas Hansson is hit by Nick Spaling and loses puck.
19:57 of 2nd period - Off-side.
19:58 of 2nd period - Sam Reinhart wins face-off versus Corey Trivino in neutral zone.
Goals for this period are 2 for Remparts vs 3 for Diablos .
Shots for this period are 10 for Remparts vs 20 for Diablos .
3rd period
0:01 of 3rd period - Max Reinhart wins face-off versus Danton Heinen in neutral zone.
0:08 of 3rd period - Wrist shot by Max Reinhart.
0:08 of 3rd period - Stopped by Kristers Gudlevskis without a rebound.
0:09 of 3rd period - Jordan Szwarz wins face-off versus Max Reinhart in Diablos zone.
0:27 of 3rd period - Icing by Nick Spaling.
0:28 of 3rd period - Danton Heinen wins face-off versus Sam Reinhart in Diablos zone.
0:47 of 3rd period - Slapshot by Nick Spaling.
0:47 of 3rd period - Shot Misses the Net.
0:49 of 3rd period - Slapshot by Philip Larsen.
0:49 of 3rd period - Shot Misses the Net.
1:01 of 3rd period - Wrist shot by Jordan Szwarz.
1:01 of 3rd period - Stopped by Igor Bobkov without a rebound.
1:02 of 3rd period - Adrian Kempe wins face-off versus Ryan Strome in Remparts zone.
1:17 of 3rd period - Wrist shot by Adrian Kempe.
1:17 of 3rd period - Shot Misses the Net.
1:27 of 3rd period - Mark Pysyk is hit by Viktor Loov.
2:06 of 3rd period - Slapshot by Roberts Lipsbergs.
2:06 of 3rd period - Shot Misses the Net.
2:08 of 3rd period - Slapshot by Keaton Thompson.
2:08 of 3rd period - Stopped by Kristers Gudlevskis with a rebound.
2:10 of 3rd period - Snap shot by Guillaume Desbiens.
2:10 of 3rd period - Goal by Guillaume Desbiens - Remparts : 4 - Diablos : 5.
2:11 of 3rd period - Max Reinhart wins face-off versus Danton Heinen in neutral zone.
2:22 of 3rd period - Slapshot by Ryan Strome.
2:22 of 3rd period - Shot Misses the Net.
2:24 of 3rd period - Slapshot by Mark Pysyk.
2:24 of 3rd period - Stopped by Kristers Gudlevskis with a rebound.
2:26 of 3rd period - Slapshot by William Colbert.
2:26 of 3rd period - Shot Misses the Net.
2:42 of 3rd period - Off-side.
2:43 of 3rd period - Pontus Aberg wins face-off versus Adrian Kempe in neutral zone.
3:18 of 3rd period - Wrist shot by Nick Spaling.
3:18 of 3rd period - Shot Misses the Net.
3:30 of 3rd period - Wrist shot by Philip Larsen.
3:30 of 3rd period - Shot Misses the Net.
3:32 of 3rd period - Slapshot by Brian Dumoulin.
3:32 of 3rd period - Deflect By Cédric Lalonde-McNicoll.
3:32 of 3rd period - Stopped by Igor Bobkov with a rebound.
4:15 of 3rd period - Backhand shot by Adrian Kempe.
4:15 of 3rd period - Stopped by Igor Bobkov with a rebound.
4:17 of 3rd period - Slapshot by Philip Larsen.
4:17 of 3rd period - Stopped by Igor Bobkov with a rebound.
4:21 of 3rd period - Snap shot by Adrian Kempe.
4:21 of 3rd period - Shot Blocked by Mark Pysyk.
4:23 of 3rd period - Backhand shot by Jakub Vrana.
4:23 of 3rd period - Shot Misses the Net.
4:25 of 3rd period - Wrist shot by Adrian Kempe.
4:25 of 3rd period - Stopped by Igor Bobkov with a rebound.
4:35 of 3rd period - Scott Glennie is hit by Brendan Perlini and loses puck.
5:06 of 3rd period - Slapshot by Mark Pysyk.
5:06 of 3rd period - Stopped by Kristers Gudlevskis with a rebound.
5:08 of 3rd period - Slapshot by Mark Pysyk.
5:08 of 3rd period - Shot Blocked by Viktor Loov.
5:25 of 3rd period - Off-side.
5:26 of 3rd period - Corey Trivino wins face-off versus Max Reinhart in neutral zone.
5:31 of 3rd period - Wrist shot by Jiri Sekac.
5:31 of 3rd period - Shot Misses the Net.
5:33 of 3rd period - Slapshot by Andrey Pedan.
5:33 of 3rd period - Stopped by Igor Bobkov with a rebound.
5:38 of 3rd period - Off-side.
5:39 of 3rd period - Max Reinhart wins face-off versus Danton Heinen in neutral zone.
5:44 of 3rd period - Slapshot by Ryan Strome.
5:44 of 3rd period - Stopped by Kristers Gudlevskis with a rebound.
5:46 of 3rd period - Snap shot by Pontus Aberg.
5:46 of 3rd period - Deflect By Max Reinhart.
5:46 of 3rd period - Shot Blocked by Jordan Szwarz.
5:46 of 3rd period - Puck is out of play.
5:47 of 3rd period - Danton Heinen wins face-off versus Max Reinhart in Diablos zone.
6:25 of 3rd period - Snap shot by Max Reinhart.
6:25 of 3rd period - Shot Hit the Post.
6:45 of 3rd period - Snap shot by Pontus Aberg.
6:45 of 3rd period - Shot Misses the Net.
6:47 of 3rd period - Slapshot by Viktor Baldayev.
6:47 of 3rd period - Deflect By Nick Spaling.
6:47 of 3rd period - Stopped by Kristers Gudlevskis without a rebound.
6:48 of 3rd period - Adrian Kempe wins face-off versus Sam Reinhart in Diablos zone.
7:03 of 3rd period - Slapshot by Guillaume Desbiens.
7:03 of 3rd period - Shot Blocked by Adrian Kempe.
8:44 of 3rd period - Snap shot by Mark Pysyk.
8:44 of 3rd period - Stopped by Kristers Gudlevskis without a rebound.
8:45 of 3rd period - Danton Heinen wins face-off versus Cédric Lalonde-McNicoll in Diablos zone.
8:45 of 3rd period - Danton Heinen is hit by Matt Puempel.
9:16 of 3rd period - Minor Penalty to Viktor Baldayev for Holding.
9:17 of 3rd period - Danton Heinen wins face-off versus Max Reinhart in Remparts zone.
9:25 of 3rd period - Slapshot by Nick Spaling.
9:25 of 3rd period - Shot Misses the Net.
9:27 of 3rd period - Wrist shot by Nick Spaling.
9:27 of 3rd period - Shot Blocked by Mark Pysyk.
9:29 of 3rd period - Slapshot by Philip Larsen.
9:29 of 3rd period - Stopped by Igor Bobkov without a rebound.
9:30 of 3rd period - Max Reinhart wins face-off versus Danton Heinen in Remparts zone.
11:16 of 3rd period - Penalty to Viktor Baldayev is over, Viktor Baldayev is back on ice.
11:41 of 3rd period - Brendan Perlini is hit by Viktor Loov.
11:57 of 3rd period - Dominic Turgeon is hit by Jake Virtanen and loses puck.
12:42 of 3rd period - Slapshot by Mark Pysyk.
12:42 of 3rd period - Shot Blocked by Adrian Kempe.
12:44 of 3rd period - Wrist shot by Nail Yakupov.
12:44 of 3rd period - Stopped by Kristers Gudlevskis without a rebound.
12:45 of 3rd period - Adrian Kempe wins face-off versus Cédric Lalonde-McNicoll in Diablos zone.
12:58 of 3rd period - Slapshot by Cédric Lalonde-McNicoll.
12:58 of 3rd period - Shot Misses the Net.
13:31 of 3rd period - Wrist shot by Guillaume Desbiens.
13:31 of 3rd period - Stopped by Kristers Gudlevskis with a rebound.
13:47 of 3rd period - Cédric Lalonde-McNicoll is hit by Dominic Turgeon and loses puck.
14:16 of 3rd period - Snap shot by Jakub Vrana.
14:16 of 3rd period - Shot Blocked by Niklas Hansson.
14:29 of 3rd period - Icing by Andrei Mironov.
14:30 of 3rd period - Sam Reinhart wins face-off versus Corey Trivino in Diablos zone.
14:37 of 3rd period - Slapshot by Viktor Loov.
14:37 of 3rd period - Stopped by Igor Bobkov without a rebound.
14:38 of 3rd period - Danton Heinen wins face-off versus Max Reinhart in Remparts zone.
14:43 of 3rd period - Wrist shot by Jordan Szwarz.
14:43 of 3rd period - Shot Misses the Net.
15:12 of 3rd period - Off-side.
15:13 of 3rd period - Cédric Lalonde-McNicoll wins face-off versus Adrian Kempe in neutral zone.
15:16 of 3rd period - Philip Larsen is hit by Matt Puempel and loses puck.
15:22 of 3rd period - Icing by Philip Larsen.
15:23 of 3rd period - Adrian Kempe wins face-off versus Cédric Lalonde-McNicoll in Diablos zone.
15:23 of 3rd period - Adrian Kempe is hit by Niklas Hansson.
15:29 of 3rd period - Wrist shot by Cédric Lalonde-McNicoll.
15:29 of 3rd period - Shot Blocked by Jakub Vrana.
15:31 of 3rd period - Wrist shot by Cédric Lalonde-McNicoll.
15:31 of 3rd period - Stopped by Kristers Gudlevskis with a rebound.
15:33 of 3rd period - Snap shot by Cédric Lalonde-McNicoll.
15:33 of 3rd period - Stopped by Kristers Gudlevskis without a rebound.
15:34 of 3rd period - Cédric Lalonde-McNicoll wins face-off versus Danton Heinen in Diablos zone.
15:39 of 3rd period - Wrist shot by Cédric Lalonde-McNicoll.
15:39 of 3rd period - Shot Misses the Net.
15:41 of 3rd period - Wrist shot by Cédric Lalonde-McNicoll.
15:41 of 3rd period - Shot Misses the Net.
15:45 of 3rd period - Wrist shot by Nail Yakupov.
15:45 of 3rd period - Stopped by Kristers Gudlevskis with a rebound.
15:47 of 3rd period - Snap shot by Mark Pysyk.
15:47 of 3rd period - Stopped by Kristers Gudlevskis with a rebound.
16:26 of 3rd period - Snap shot by Guillaume Desbiens.
16:26 of 3rd period - Stopped by Kristers Gudlevskis with a rebound.
16:36 of 3rd period - Snap shot by Jake Virtanen.
16:36 of 3rd period - Stopped by Kristers Gudlevskis with a rebound.
17:14 of 3rd period - Wrist shot by Nail Yakupov.
17:14 of 3rd period - Stopped by Kristers Gudlevskis with a rebound.
18:16 of 3rd period - Ryan Strome is hit by Philip Larsen.
18:53 of 3rd period - Remparts, Igor Bobkov is pulled from the net.
18:53 of 3rd period - Slapshot by Guillaume Desbiens.
18:53 of 3rd period - Goal by Guillaume Desbiens - Remparts : 5 - Diablos : 5.
18:53 of 3rd period - Igor Bobkov from Remparts was sent back in the game.
18:54 of 3rd period - Matt Puempel wins face-off versus Danton Heinen in neutral zone.
Goals for this period are 2 for Remparts vs 0 for Diablos .
Shots for this period are 18 for Remparts vs 8 for Diablos .
Overtime #1
0:01 of 1st overtime period - Max Reinhart wins face-off versus Danton Heinen in neutral zone.
0:34 of 1st overtime period - Max Reinhart is hit by Andrei Mironov and loses puck.
1:15 of 1st overtime period - Corey Trivino is hit by Michal Jordan and loses puck.
2:28 of 1st overtime period - Andrei Mironov is hit by Mitchell Heard and loses puck.
2:58 of 1st overtime period - Snap shot by Matt Puempel.
2:58 of 1st overtime period - Shot Misses the Net.
3:19 of 1st overtime period - Icing by Max Reinhart.
3:20 of 1st overtime period - Sam Reinhart wins face-off versus Adrian Kempe in Remparts zone.
3:25 of 1st overtime period - Keaton Thompson is hit by Anthony Camara and loses puck.
3:43 of 1st overtime period - Icing by Mark Pysyk.
3:44 of 1st overtime period - Danton Heinen wins face-off versus Sam Reinhart in Remparts zone.
3:49 of 1st overtime period - Snap shot by Jordan Szwarz.
3:49 of 1st overtime period - Stopped by Igor Bobkov with a rebound.
4:18 of 1st overtime period - Niklas Hansson is hit by Philip Larsen and loses puck.
Goals for this period are 0 for Remparts vs 0 for Diablos .
Shots for this period are 0 for Remparts vs 1 for Diablos .
ShootOut
5:00 of 1st overtime period - Round #1.
5:00 of 1st overtime period - Remparts, Sam Reinhart.
5:00 of 1st overtime period - Snap shot by Sam Reinhart.
5:00 of 1st overtime period - Shot Misses the Net.
5:00 of 1st overtime period - Diablos , Jordan Szwarz.
5:00 of 1st overtime period - Deke by Jordan Szwarz.
5:00 of 1st overtime period - Shot Misses the Net.
5:00 of 1st overtime period - Round #2.
5:00 of 1st overtime period - Remparts, Ryan Strome.
5:00 of 1st overtime period - Backhand shot by Ryan Strome.
5:00 of 1st overtime period - Stopped by Kristers Gudlevskis.
5:00 of 1st overtime period - Diablos , Danton Heinen.
5:00 of 1st overtime period - Snap shot by Danton Heinen.
5:00 of 1st overtime period - Stopped by Igor Bobkov.
5:00 of 1st overtime period - Round #3.
5:00 of 1st overtime period - Remparts, Cédric Lalonde-McNicoll.
5:00 of 1st overtime period - Wrist shot by Cédric Lalonde-McNicoll.
5:00 of 1st overtime period - Goal by Cédric Lalonde-McNicoll.
5:00 of 1st overtime period - Diablos , Jakub Vrana.
5:00 of 1st overtime period - Deke by Jakub Vrana.
5:00 of 1st overtime period - Shot Misses the Net.
Back to the Top